 Dungeon Crawl Stone Soup version 0.28.0-53-g5a82cb258f (webtiles) character file.

Game seed: 16119994337265016731

47 Zeld the Digger (level 3, -4/19 HPs)
             Began as a Gargoyle Earth Elementalist on July 30, 2022.
             Killed from afar by an orc wizard (5 damage)
             ... with a magic dart
             ... on level 2 of the Dungeon.
             The game lasted 00:02:07 (2198 turns).

Zeld the Digger (Gargoyle Earth Elementalist)       Turns: 2198, Time: 00:02:08

Health: -4/19      AC:  7    Str: 11    XL:     3   Next: 70%
Magic:  1/6        EV: 12    Int: 17    God:
Gold:   99         SH:  0    Dex: 10    Spells: 0/6 levels left

rFire   . . .      SeeInvis .   (no weapon)
rCold   . . .      Faith    .   (no shield)
rNeg    + . .      Spirit   .   b - +0 robe
rPois   ∞          Reflect  .   (no helmet)
rElec   +          Harm     .   q - +1 cloak
rCorr   .          Rampage  .   (no gloves)
Will    .....                   (no boots)
Stlth   ++........              (no amulet)
HPRegen 0.06/turn               (no ring)
MPRegen 0.10/turn               (no ring)

@: no status effects
A: sickness immunity, AC +3, negative energy resistance 1, electricity
resistance, torment resistance 1, petrification resistance
a: no special abilities


You were on level 2 of the Dungeon.
You visited 1 branch of the dungeon, and saw 3 of its levels.

You collected 99 gold pieces.

Inventory:

Missiles
 c - 77 stones
Armour
 b - a +0 robe (worn)
 q - a +1 cloak (worn)
Scrolls
 a - a scroll of magic mapping {unknown}
 d - a scroll of enchant armour {unknown}
 f - 2 scrolls of identify {unknown}
 h - a scroll of acquirement {unknown}
Potions
 e - a potion of attraction {unknown}
 g - a potion of mutation {unknown}
 i - a potion of degeneration {unknown}


   Skills:
 + Level 1.9 Dodging
 + Level 2.4 Stealth
 * Level 2.4 Spellcasting
 + Level 1.2 Transmutations
 * Level 4.5 Earth Magic


You couldn't memorise any spells.
You knew the following spells:

 Your Spells              Type           Power      Damage    Failure   Level
a - Sandblast             Erth           34%        2d9       3%          1
b - Passwall              Tmut/Erth      9%         N/A       9%          2
c - Stone Arrow           Conj/Erth      18%        3d8       22%         3

Your spell library contained the following spells:

 Spells                   Type           Power      Damage    Failure   Level
 Petrify                  Tmut/Erth      11%        N/A       50%         4


Dungeon Overview and Level Annotations

Branches:
Dungeon (3/15)

Altars:


Innate Abilities, Weirdness & Mutations

You are immune to sickness and miasma.
Your stone body is resilient. (AC +3)
You are immune to poison.
You resist negative energy. (rN+)
You are resistant to electric shocks. (rElec)
You are resistant to unholy torment.
You are immune to petrification.


Message History

You bump into the rock wall.
The orc wizard misses you.
You see here a +0 whip.
You closely miss the orc wizard. You punch the orc wizard.
The orc wizard is severely wounded.
You're too confused to move!
The orc wizard hits you with a +0 dagger.
You barely miss the orc wizard.
The orc wizard is severely wounded.
The orc wizard hits you but does no damage.
You bump into the rock wall.
You feel less confused. The orc wizard closely misses you.
The orc wizard casts a spell at you. You resist with significant effort.
Casting: Sandblast (safe; 3% risk of failure)
Confirm with . or Enter, or press ? or * to list all spells.
Aiming: Sandblast (safe; 3% risk of failure)
Press: ? - help, Shift-Dir - straight line, f/p - orc wizard
Aim: an orc wizard, wielding a +0 dagger and wearing a +0 robe (severely wounded, 74% to hit)
The blast of sand hits the orc wizard.
The orc wizard is almost dead.
The orc wizard points at you and mumbles some strange words.
The magic dart hits you. The orc wizard casts a spell at you.
You are confused.
The orc wizard casts a spell at you. The puff of flame hits you!
Ouch! That really hurt!
* * * LOW HITPOINT WARNING * * *
The orc wizard gestures wildly while chanting.
The orc wizard flickers and vanishes!
Deactivating autopickup; reactivate with Ctrl-A.
A magic dart appears from out of thin air!
The magic dart hits you.
* * * LOW HITPOINT WARNING * * *
You bump into the rock wall.
You feel less confused.
A magic dart appears from out of thin air!
The magic dart hits you.
You die...

##.## #.##.........#.# #.#
###.##.#♣.♣♣♣...##
#.######.......♣♣♣ ♣..##
#...)....#.##.## ##.#
#.########..#.# #.# #.###
#....).# #.###
####...####......#######....
##............_.......>...#..
##.....#.####@....{..)..)..))#
#........# #........####....#
####........# ##.......#
#..... ...........##
#.......####..... .####.[....#
#.......##.......
.####......##
#........#.##....


.PPPPPPPPPPP# #♣♣♣♣♣♣♣.#.##...< .P.........P# ♣♣..♣♣P..#.##.#.# .PPP.PPP.P.P#
♣...P♣.♣##.##.... There were no monsters in sight!

Vanquished Creatures
  A dart slug (D:2)
  5 ball pythons
  4 endoplasms
  2 giant cockroaches
  7 goblins
  5 hobgoblins
  A jackal (D:2)
  5 kobolds (D:2)
  4 bats (D:1)
  3 frilled lizards
  4 rats
41 creatures vanquished.

Vanquished Creatures (others)
  3 plants (D:2)
3 creatures vanquished.

Grand Total: 44 creatures vanquished

Notes
Turn   | Place    | Note
-------+----------+-------------------------------------------
     0 | D:1      | Zeld the Gargoyle Earth Elementalist began the quest for
                  | the Orb.
     0 | D:1      | Reached XP level 1. HP: 10/10 MP: 3/3
   333 | D:1      | Reached XP level 2. HP: 15/15 MP: 3/5
   336 | D:1      | Learned a level 2 spell: Passwall
   339 | D:1      | Reached skill level 1 in Transmutations
   530 | D:1      | Reached skill level 4 in Earth Magic
  1019 | D:2      | Reached XP level 3. HP: 19/19 MP: 4/6
  1023 | D:2      | Learned a level 3 spell: Stone Arrow
  1163 | D:2      | Found a faded altar of an unknown god.
  2198 | D:2      | Killed from afar by an orc wizard

Illustrated notes

Levels and vault maps discovered:
D:1:      matt_arrival_spirals, layout_rooms
D:2:      minmay_wonky_spiral, layout_loops_ring,
          ebering_ecumenical_altar_sacrificial, serial_forest,
          infiniplex_forest_straight_4, infiniplex_forest_lined_room_3,
          infiniplex_forest_clump_medium, infiniplex_forest_zigzag_2,
          infiniplex_forest_end_2, infiniplex_forest_fountain,
          infiniplex_forest_straight_2, minmay_hedge_maze
D:3:      layout_rooms, minivault_11

Skill      XL: |  1  2 |
---------------+-------+-----
Transmutations | 1 |  1.2
Earth Magic    | 4 |  4.5
Dodging        | |  1.9
Stealth        | |  2.4
Spellcasting   | |  2.4

Action                   || total
-------------------------++-------
Melee: Unarmed           ||    14
       Punch             ||     1
 Cast: Sandblast         ||    57
       Stone Arrow       ||     1
Armor: Robe              ||     9
Dodge: Dodged            ||    25
